 Dungeon Crawl Stone Soup version 0.26-a0-537-g96b2eae49b (webtiles) character file.

Game seed: 16693530139718015341

170 Morbidden the Ruffian (level 5, -13/67 HPs)
             Began as a Naga Transmuter on Aug 14, 2020.
             Killed by divine providence
             ... invoked by an orc priest
              (15 damage)
             ... on level 3 of the Dungeon.
             The game lasted 00:05:19 (2618 turns).

Morbidden the Ruffian (Naga Transmuter)             Turns: 2618, Time: 00:05:19

Health: -13/67     AC:  4    Str: 19    XL:     5   Next: 50%
Magic:  8/8        EV: 10    Int: 14    God:
Gold:   105        SH:  0    Dex: 11    Spells: 5/9 levels left

rFire    . . .     SeeInvis +     - Unarmed
rCold    . . .     Faith    .   (no shield)
rNeg     . . .     Spirit   .   f - +0 leather armour
rPois    +         Reflect  .   (helmet currently unavailable)
rElec    .         Harm     .   (no cloak)
rCorr    .                      e - +0 pair of gloves
MR       .....                  (no barding)
Stlth    ..........             (no amulet)
HPRegen  0.21/turn              g - +6 ring of strength
MPRegen  0.11/turn              (no ring)

@: brilliant, berserking, appendages, flying, quick
A: large, horns 2, see invisible, deformed body, poison resistance, slowness 2,
spit poison 1, AC +1
a: Spit Poison, End Transformation


You were on level 3 of the Dungeon.
You had grown temporary horns.
You visited 1 branch of the dungeon, and saw 3 of its levels.

You collected 105 gold pieces.

Inventory:

Armour
 e - a +0 pair of gloves (worn)
 f - a +0 leather armour (worn)
Jewellery
 g - a +6 ring of strength (left hand)
Scrolls
 b - a scroll of immolation {unknown}
 c - a scroll of blinking {unknown}
 d - a scroll of teleportation {unknown}
 h - 2 scrolls of identify
 i - 2 scrolls of magic mapping {unknown}
 k - a scroll of remove curse {unknown}
Potions
 a - 2 potions of brilliance


   Skills:
 * Level 2.3 Fighting
 + Level 0.9 Armour
 + Level 2.0 Dodging
 + Level 1.5 Stealth
 + Level 3.8 Unarmed Combat
 + Level 2.5 Spellcasting
 * Level 2.9 Transmutations
 * Level 1.0 Poison Magic


You had 5 spell levels left.
You knew the following spells:

 Your Spells              Type           Power        Failure   Level
a - Beastly Appendage     Tmut           ###...       8%          1
b - Spider Form           Tmut/Pois      ##........   34%         3

Your spell library contained the following spells:

 Spells                   Type           Power        Failure   Level
 Wereblood                Tmut           ###.....     12%         2
 Ice Form                 Ice/Tmut       #.......     82%         4
 Blade Hands              Tmut           ###.......   91%         5


Dungeon Overview and Level Annotations

Branches:
Dungeon (3/15)

Altars:
Yredelemnul

Annotations:
D:2 Sigmund


Innate Abilities, Weirdness & Mutations

You cannot wear boots.
Your serpentine skin is tough. (AC +1)
You have supernaturally acute eyesight. (SInv)
Armour fits poorly on your strangely shaped body.
Your system is resistant to poisons. (rPois)
You cover ground very slowly.
You can spit poison.
You have a pair of horns on your head.


Message History

* * * LOW HITPOINT WARNING * * *
Unknown command.
Unknown command.
Okay, then.
You aren't carrying any items that you can evoke.
Unknown command.
Okay, then.
It was a potion of flight.
You feel very buoyant.
You fly up into the air.
You have got your breath back.
The orc priest looks more healthy.
The orc priest calls down the wrath of Beogh upon you.
You struggle to resist.
It was a potion of berserk rage.
A red film seems to cover your vision as you go berserk!
You feel yourself moving faster!
You feel mighty!
The orc priest invokes the aid of Beogh against you.
Beogh smites you!
You die...

............#.#
o.............#
..............#
..............#
..............#
..............#
............####
#..........#...######
#......####o@....##.#
#.##### ##.#.##.#..#
####....##...####
#..............<#
###...##..........#
#...####..........#
##### #..........#
############


You could see an orc priest.

Vanquished Creatures
  Natasha (thrice) (D:2)
  A worker ant (D:2)
  2 adders (D:2)
  An ooze (D:1)
  A worm (D:2)
  4 dart slugs (D:2)
  5 goblins
  6 hobgoblins
  4 jackals (D:2)
  A quokka (D:2)
  6 bats
  4 frilled lizards
  A kobold (D:1)
  9 rats
48 creatures vanquished.

Notes
Turn   | Place    | Note
-------+----------+-------------------------------------------
     0 | D:1      | Morbidden the Naga Transmuter began the quest for the Orb.
     0 | D:1      | Reached XP level 1. HP: 18/18 MP: 3/3
   231 | D:1      | Reached XP level 2. HP: 25/25 MP: 5/5
  1281 | D:2      | Reached XP level 3. HP: 31/31 MP: 6/6
  1313 | D:2      | Found a basalt altar of Yredelemnul.
  1392 | D:2      | Noticed Natasha
  1410 | D:2      | Killed Natasha
  1410 | D:2      | Reached skill level 1 in Stealth
  1410 | D:2      | Reached XP level 4. HP: 15/39 MP: 5/7
  1589 | D:2      | Noticed Sigmund
  1897 | D:2      | Learned a level 3 spell: Spider Form
  2056 | D:2      | Noticed Natasha
  2072 | D:2      | Killed Natasha
  2072 | D:2      | Reached XP level 5. HP: 24/45 MP: 1/8
  2076 | D:2      | Noticed Natasha
  2082 | D:2      | Killed Natasha
  2229 | D:2      | Reached skill level 1 in Poison Magic
  2615 | D:3      | HP: 1/45 [orc priest/+0 whip (5)]
  2618 | D:3      | Killed from afar by an orc priest

Illustrated notes

Levels and vault maps discovered:
D:1:      sevenhm_arrival_forest_fort_small_3, layout_rooms,
          grunt_decor_resistance, hex_intersection
D:2:      layout_rooms, yredelemnul_altar_generic, minmay_split_cup_small,
          uniq_natasha, uniq_sigmund
D:3:      layout_rooms, gammafunk_ghost_grave, grunt_ministairs_11

Skill      XL: |  1  2  3  4  5 |
---------------+----------------+-----
Stealth        | 1 |  1.5
Dodging        | 2 |  2.0
Fighting       | 2 |  2.3
Poison Magic   | 1 |  1.0
Armour         | |  0.9
Unarmed Combat | |  3.8
Spellcasting   | |  2.5
Transmutations | |  2.9

Action                   |  1- 3 |  4- 6 || total
-------------------------+-------+-------++-------
Melee: Unarmed           |    70 |    52 ||   122
       Headbutt          |     5 |     6 ||    11
       Punch             |     1 |       ||     1
 Cast: Beastly Appendage |    10 |     6 ||    16
       Spider Form       |       |     1 ||     1
 Abil: Spit Poison       |    23 |    13 ||    36
  Use: Potion            |       |     3 ||     3
       Scroll            |       |     1 ||     1
 Stab: Sleeping          |     1 |       ||     1
Armor: Robe              |     3 |       ||     3
       Leather armour    |    12 |    25 ||    37
Dodge: Dodged            |    28 |    38 ||    66

Table legend: (Time is in decaauts)
 A = Elapsed time spent in this place.
 B = Non-inter-level travel time spent in this place.
 C = Inter-level travel time spent in this place.
 D = Time resting spent in this place.
 E = Time spent auto-exploring this place.
 F = Levels seen in this place.
 G = Mean time per level.
                   A        B        C        D        E       F      G
               +--------+--------+--------+--------+--------+-----+--------+
         Total |   3044 |   2942 |    102 |    382 |   2162 |   3 | 1014.7 |
       Dungeon |   3044 |   2942 |    102 |    382 |   2162 |   3 | 1014.7 |
               +--------+--------+--------+--------+--------+-----+--------+

Top non-repeatable levels by time:
     D:2: 1716 daAuts
     D:1: 1168 daAuts
     D:3: 160 daAuts
